AoeStats
← sermarqu

Lombardia

509969354Analyzed
2v2 RM · 5d ago on Sep 28, 2026· 74m 51s· 4 players
Game mode
Random Map
Map size
Medium (4 player)
Population
200
Speed
Normal
Resources
Standard
Victory
Conquest
Starting age
Dark Age
Ending age
Imperial Age
RankedLock teamsTeams togetherTeam positionsShared explorationLock speedFull tech treeHidden civsTurbo modeCheats
Victory
Defeat
🇪🇸 Turks · Spain
470
+19
🇪🇸 Italians · Spain
469
+19
🇪🇸 Mongols · Spain
561
-33
🇪🇸 Spanish · Spain
518
-25
IMPERATORCXI
5:04 Loom
12:23 Feudal Age
12:48 Double-Bit Axe
14:07 Gold Mining
14:07 Stone Mining
16:53 Horse Collar
20:10 Town Watch
23:57 Castle Age
25:30 Stone Shaft Mining
25:14 Heavy Plow
25:47 Caravan
26:18 Bow Saw
26:39 Squires
26:45 Pikeman
31:03 Ballistics
30:55 Fortified Wall
30:56 Husbandry
31:07 Bloodlines
32:44 Treadmill Crane
32:50 Elite Skirmisher
34:49 Silk Road
35:27 Town Patrol
35:56 Fletching
36:07 Padded Archer Armor
38:05 Wheelbarrow
38:14 Wheelbarrow
37:10 Light Cavalry
38:36 Bodkin Arrow
39:01 Leather Archer Armor
40:44 Devotion
43:17 Imperial Age
41:05 Hand Cart
43:35 Forging
43:25 Scale Mail Armor
43:30 Scale Barding Armor
43:28 Murder Holes
42:56 Man-at-Arms
44:21 Conscription
44:12 Elite Genoese Crossbowman
45:31 Crop Rotation
46:04 Two-Man Saw
46:07 Bracer
46:58 Ring Archer Armor
47:25 Cavalier
49:11 Thumb Ring
50:08 Chemistry
49:48 Iron Casting
49:28 Chain Mail Armor
49:34 Chain Barding Armor
49:02 Hussar
50:23 Faith
51:06 Hoardings
51:46 Blast Furnace
51:48 Long Swordsman
52:19 Arson
52:47 Pirotechnia
52:57 Masonry
53:47 Plate Mail Armor
53:52 Plate Barding Armor
59:14 Architecture
sermarqu
9:30 Loom
13:39 Feudal Age
14:19 Horse Collar
19:48 Double-Bit Axe
24:52 Castle Age
27:37 Stone Mining
28:57 Heavy Plow
29:17 Gold Mining
29:39 Scale Barding Armor
31:32 Forging
38:15 Imperial Age
36:05 Town Watch
36:15 Town Watch
36:50 Husbandry
39:22 Caravan
42:16 Heavy Camel Rider
44:30 Fortified Wall
44:43 Ballistics
45:09 Fervor
45:00 Atonement
45:11 Redemption
45:01 Devotion
45:04 Fletching
46:29 Elite Janissary
48:25 Wheelbarrow
47:53 Town Patrol
48:09 Masonry
48:25 Bloodlines
48:56 Chain Barding Armor
56:19 Architecture
58:01 Hand Cart
58:11 Sanctity
58:12 Heresy
58:28 Theocracy
59:08 Gold Shaft Mining
59:25 Hoardings
59:01 Arrowslits
60:45 Conscription
61:25 Iron Casting
61:39 Murder Holes
65:40 Artillery
68:50 Faith
69:15 Plate Barding Armor
69:41 Blast Furnace
68:45 Padded Archer Armor
QuenelleBoy92
5:40 Loom
13:24 Feudal Age
13:49 Feudal Age
14:44 Horse Collar
17:11 Wheelbarrow
16:28 Double-Bit Axe
21:22 Castle Age
19:31 Gold Mining
19:34 Stone Mining
21:13 Bloodlines
21:51 Scale Barding Armor
22:51 Hand Cart
22:48 Pikeman
23:29 Squires
33:19 Heavy Plow
34:25 Stone Shaft Mining
34:29 Gold Shaft Mining
35:52 Bow Saw
36:08 Nomads
36:25 Fletching
36:35 Padded Archer Armor
36:36 Scale Mail Armor
36:56 Chain Barding Armor
36:48 Forging
43:50 Imperial Age
43:31 Ballistics
43:24 Fortified Wall
43:21 Siphons
43:33 Masonry
46:02 Town Watch
45:59 Elite Mangudai
47:17 Hoardings
47:03 Drill
46:16 Sappers
48:04 Heavy Camel Rider
49:03 Husbandry
51:19 Chemistry
50:40 Onager
51:32 Bodkin Arrow
51:53 Leather Archer Armor
51:54 Chain Mail Armor
56:29 Siege Engineers
62:08 Siege Onager
67:08 Caravan
NinhoCrema
10:55 Feudal Age
12:12 Horse Collar
13:24 Wheelbarrow
12:53 Double-Bit Axe
22:42 Castle Age
21:02 Bloodlines
20:46 Fletching
21:07 Forging
21:07 Scale Mail Armor
21:56 Scale Barding Armor
21:54 Padded Archer Armor
21:52 Gold Mining
21:52 Stone Mining
21:44 Man-at-Arms
22:10 Arson
24:31 Hand Cart
24:20 Bodkin Arrow
27:49 Bow Saw
31:29 Chain Barding Armor
31:24 Chain Mail Armor
31:45 Iron Casting
31:28 Leather Archer Armor
31:18 Husbandry
30:38 Light Cavalry
37:03 Imperial Age
34:25 Town Watch
34:27 Loom
35:02 Pikeman
35:03 Long Swordsman
35:29 Gambesons
35:45 Squires
38:55 Town Patrol
38:27 Elite Conquistador
39:09 Inquisition
39:17 Bracer
39:54 Plate Barding Armor
39:50 Plate Mail Armor
40:21 Blast Furnace
41:51 Fervor
41:57 Block Printing
42:03 Sanctity
41:46 Devotion
42:15 Illumination
42:28 Theocracy
41:25 Cavalier
41:26 Hussar
41:32 Two-Handed Swordsman
46:20 Paladin
47:51 Ring Archer Armor
48:43 Chemistry
55:54 Halberdier
55:55 Champion
58:01 Redemption
64:35 Caravan
66:03 Conscription
66:23 Hoardings
Connection lost

Rejoining the realm…

Still unreachable

The connection could not be restored.

Session expired

The server has moved on; the page needs a fresh start.